 Dungeon Crawl Stone Soup version 0.29.1-2-gbd0b4ee654 (webtiles) character file.

Game seed: 11245420632356918808

13211 qeuew the Covert (level 11, -6/51 HPs)
             Began as a Spriggan Enchanter on Nov 11, 2022.
             Was an Elder of Dithmenos.
             Mangled by a death yak (20 damage)
             ... on level 9 of the Dungeon.
             The game lasted 00:30:30 (14179 turns).

qeuew the Covert (Spriggan Enchanter)              Turns: 14179, Time: 00:30:31

Health: -6/51      AC: 11    Str:  4    XL:     11   Next: 72%
Magic:  10/26      EV: 29    Int: 19    God:    Dithmenos [****..]
Gold:   1718       SH:  0    Dex: 18    Spells: 19/30 levels left

rFire   . . .      SeeInvis +   x - +2 rapier (holy)
rCold   . . .      Faith    .   (no shield)
rNeg    . . .      Spirit   .   b - +1 robe
rPois   +          Reflect  .   (helmet restricted)
rElec   .          Harm     .   v - +1 cloak {rPois}
rCorr   .          Rampage  .   (gloves unavailable)
Will    +....                   (boots unavailable)
Stlth   ++++++++..              (no amulet)
HPRegen 0.17/turn               k - +4 ring of protection
MPRegen 0.20/turn               n - +4 ring of evasion

@: wreathed by umbra, invisible, very quick
A: very small, no large weapons, unfitting armour, see invisible, speed 3,
antennae 1, iridescent scales 1, robust 1, MP-powered wands
a: Renounce Religion, Shadow Step


You were on level 9 of the Dungeon.
You worshipped Dithmenos.
Dithmenos was greatly pleased with you.
You visited 3 branches of the dungeon, and saw 13 of its levels.
You also visited: Bailey.

You collected 1718 gold pieces.

Inventory:

Hand Weapons
 a - a +2 dagger
 h - a +1 dagger of draining
 x - a +2 rapier of holy wrath (weapon)
Armour
 b - a +1 robe (worn)
 v - a +1 cloak of poison resistance (worn)
Jewellery
 e - a ring of flight
 k - a +4 ring of protection (left hand)
 m - a ring of protection from fire
 n - a +4 ring of evasion (right hand)
Wands
 c - a wand of charming (14)
 j - a wand of flame (12)
 z - a wand of light (8)
 A - a wand of polymorph (3)
Scrolls
 p - 3 scrolls of teleportation
 r - a scroll of silence
 s - 4 scrolls of enchant weapon
 w - 5 scrolls of enchant armour
 y - 4 scrolls of summoning
 B - a scroll of magic mapping
 D - 2 scrolls of identify
 E - 2 scrolls of blinking
Potions
 d - 6 potions of curing
 f - 5 potions of haste
 g - 3 potions of cancellation
 i - 2 potions of resistance
 l - 3 potions of heal wounds
 o - 3 potions of might
 q - 2 potions of brilliance
 t - 2 potions of invisibility
 u - a potion of magic
Miscellaneous
 C - a phantom mirror


   Skills:
 + Level 9.1 Short Blades
 + Level 10.9 Dodging
 + Level 13.3 Stealth
 + Level 10.2 Spellcasting
 + Level 10.5 Hexes
 + Level 6.7 Evocations


You had 19 spell levels left.
You knew the following spells:

 Your Spells              Type           Power      Damage    Failure   Level
a - Ensorcelled Hibernat  Hex/Ice        58%        N/A       1%          2
b - Confusing Touch       Hex            49%        N/A       1%          3
c - Tukima's Dance        Hex            49%        N/A       1%          3
d - Dazzling Flash        Conj/Hex       58%        N/A       2%          3

Your spell library contained the following spells:

 Spells                   Type           Power      Damage    Failure   Level
 Leda's Liquefaction      Hex/Erth       14%        N/A       9%          4
 Passwall                 Tmut/Erth      7%         N/A       11%         2
 Ozocubu's Armour         Ice            9%         N/A       22%         3
 Swiftness                Air            9%         N/A       22%         3
 Metabolic Englaciation   Hex/Ice        14%        N/A       22%         5
 Silence                  Hex/Air        14%        N/A       22%         5
 Summon Mana Viper        Hex/Summ       29%        N/A       22%         5
 Passage of Golubria      Tloc           9%         N/A       58%         4
 Lee's Rapid Deconstruct  Erth           4%         3d6*      90%         5
 Summon Forest            Summ/Tloc      4%         N/A       90%         5
 Simulacrum               Ice/Necr       4%         N/A       100%        6
 Statue Form              Tmut/Erth      6%         N/A       100%        6
 Summon Cactus Giant      Summ           4%         N/A       100%        6
 Lehudib's Crystal Spear  Conj/Erth      4%         10d3      100%        8


Dungeon Overview and Level Annotations

Branches:
Dungeon (11/15)            Temple (1/1) D:5            Lair (1/5) D:9
    Orc (0/2) D:10         Bailey (visited)

Altars:
Ashenzari
Cheibriados
Dithmenos
Elyvilon
Fedhas
Gozag
Hepliaklqana
Kikubaaqudgha
Makhleb
Nemelex Xobeh
Okawaru
Qazlal
Ru
Sif Muna
Trog
Uskayaw
Vehumet
Wu Jian
Xom
Yredelemnul
Zin
The Shining One


Innate Abilities, Weirdness & Mutations

You are very small and have problems with some larger weapons.
You are too small for most types of armour.
You have supernaturally acute eyesight. (SInv)
You cover ground extremely quickly. (Speed+++)
You have a pair of small antennae on your head.
You are partially covered in iridescent scales. (AC +2)
You are robust. (+10% HP)
You expend magic power (3 MP) to strengthen your wands.


Message History

You hit the death yak but do no damage.
The death yak gores you but does no damage.
You hit the death yak but do no damage. The death yak gores you!
You hit the death yak but do no damage.
Your shadow hits the death yak with a rapier.
The death yak gores you!
You hit the death yak but do no damage. Your punch misses the death yak.
The death yak is lightly wounded.
You completely miss the death yak.
The death yak is lightly wounded.
The death yak gores you. The death yak completely misses you.
You see here a +0 ring mail.
Casting: Dazzling Flash (dangerous; 2% risk of failure)
Press: ? - help, Q - select action, (/) - cycle Dir - look around, f - activate
Casting: Dazzling Flash (dangerous; 2% risk of failure)
Press: ? - help, Q - select action, (/) - cycle Dir - look around, f - activate
Casting: Dazzling Flash (dangerous; 2% risk of failure)
Press: ? - help, Q - select action, (/) - cycle Dir - look around, f - activate You are too injured to fight recklessly!
Your hands stop glowing.
Casting: Dazzling Flash (dangerous; 2% risk of failure)
Press: ? - help, Q - select action, (/) - cycle Dir - look around, f - activate
Casting: Dazzling Flash (dangerous; 2% risk of failure)
Press: ? - help, Q - select action, (/) - cycle Dir - look around, f - activate
Casting: Dazzling Flash (dangerous; 2% risk of failure)
Press: ? - help, Q - select action, (/) - cycle Dir - look around, f - activate The death yak is dazzled.
The death yak gores you!!
* * * LOW HITPOINT WARNING * * *
You feel much better. The death yak barely misses you.
Okay, then.
You hit the death yak but do no damage. The death yak barely misses you.
You completely miss the death yak.
The death yak bellows!
The death yak is no longer blind.
You hit the death yak but do no damage.
You fade into invisibility!
The death yak gores you!!
You die...

#.#.###.# #..##.##.#.##.#.
#..)....#####..#...#.#.##.#.
####.###.........._......#.#.
#........####.#.#...#..#...##
#.##.###.# #.#.##.##..###...
#.##.# #.# #.#......[.# #...
#.##.###.####.####.....# ####
#[##...............#####
#.######.###@###..(# #####
#.# #.# #Y# ##.## ##...###
#.######.# #.####.####....)..
#........# #.............[<##
########## ######.####.....#
#.# ##...## #.# ##### #.#
#[###


You could see a death yak (unable to see you).

Vanquished Creatures
  A boulder beetle (D:11)
  Urug (D:9)
  An orc knight (Bailey)
  Maurice (D:9)
  A gargoyle (D:10)
  2 unseen horrors
  A hornet (D:9)
  2 shadows
  7 wyverns
  16 yaks
  A steam dragon (D:9)
  3 vampire mosquitoes (D:11)
  Edmund (D:5)
  An acid dragon (D:8)
  5 water moccasins
  15 orc warriors
  A sky beast (D:4)
  2 black bears
  3 centaurs
  4 bullfrogs
  2 kobold brigands
  A necrophage (D:6)
  2 scorpions
  10 wights
  8 killer bees (D:9)
  11 howler monkeys
  A jelly (D:7)
  7 hounds
  2 orc priests (D:5)
  8 iguanas
  17 orc wizards
  4 gnolls (D:6)
  7 adders
  A white imp (D:6)
  An ufetubus (D:6)
  A worm (D:4)
  A dart slug (D:2)
  41 orcs
  9 endoplasms
  8 giant cockroaches
  15 goblins
  6 hobgoblins
  2 jackals (D:4)
  18 kobolds
  5 quokkas
  7 ball pythons
  9 bats
  9 frilled lizards
  6 rats
288 creatures vanquished.

Vanquished Creatures (collateral kills)
  6 wights
  2 orcs (Bailey)
8 creatures vanquished.

Vanquished Creatures (others)
  A dancing weapon (D:8)
  A kobold brigand (D:9)
  3 kobolds (D:9)
  15 plants
20 creatures vanquished.

Grand Total: 316 creatures vanquished

Notes
Turn   | Place    | Note
-------+----------+-------------------------------------------
     0 | D:1      | qeuew the Spriggan Enchanter began the quest for the Orb.
     0 | D:1      | Reached XP level 1. HP: 9/9 MP: 5/5
   363 | D:1      | Reached XP level 2. HP: 13/13 MP: 6/6
   560 | D:1      | Learned a level 2 spell: Ensorcelled Hibernation
  1805 | D:2      | Reached XP level 3. HP: 16/16 MP: 8/8
  2084 | D:2      | Reached skill level 5 in Stealth
  2975 | D:2      | Noticed a black bear
  2987 | D:2      | Killed a black bear
  2988 | D:2      | Reached XP level 4. HP: 9/21 MP: 0/10
  2988 | D:2      | Reached XP level 5. HP: 10/24 MP: 0/11
  3161 | D:2      | Learned a level 3 spell: Confusing Touch
  3165 | D:2      | Learned a level 3 spell: Tukima's Dance
  3169 | D:2      | Learned a level 3 spell: Dazzling Flash
  3813 | D:3      | Found a radiant altar of Vehumet.
  3853 | D:3      | Reached skill level 6 in Stealth
  4055 | D:3      | Found an ancient bone altar of Kikubaaqudgha.
  4063 | D:3      | Found a shimmering blue altar of Sif Muna.
  4068 | D:3      | Reached XP level 6. HP: 21/28 MP: 10/13
  4223 | D:3      | Gained mutation: You are robust. (+10% HP) [potion of
                  | mutation]
  4223 | D:3      | Gained mutation: You expend magic power (3 MP) to
                  | strengthen your wands. [potion of mutation]
  4223 | D:3      | Gained mutation: You have a pair of small antennae on your
                  | head. [potion of mutation]
  4223 | D:3      | Gained mutation: You are partially covered in iridescent
                  | scales. (AC +2) [potion of mutation]
  4224 | D:3      | Identified a scroll of acquirement
  4224 | D:3      | Acquired 850 gold pieces
  4270 | D:4      | Found an opulent altar of Gozag.
  4296 | D:4      | Reached skill level 5 in Hexes
  4301 | D:4      | Found a shadowy altar of Dithmenos.
  4338 | D:4      | Became a worshipper of Dithmenos the Shadowed
  4636 | D:4      | Noticed a sky beast
  4641 | D:4      | Killed a sky beast
  4642 | D:4      | Reached skill level 5 in Dodging
  4718 | D:4      | Reached XP level 7. HP: 25/35 MP: 5/15
  4839 | D:4      | Found a white marble altar of Elyvilon.
  5236 | D:5      | Entered Level 5 of the Dungeon
  5310 | D:5      | Reached skill level 7 in Stealth
  5370 | D:5      | Reached skill level 5 in Spellcasting
  5507 | D:5      | Found a staircase to the Ecumenical Temple.
  5508 | D:5      | Noticed Edmund
  5514 | D:5      | Killed Edmund
  5539 | Temple   | Entered the Ecumenical Temple
  5555 | Temple   | Reached * piety under Dithmenos
  5867 | D:5      | Found a glowing silver altar of Zin.
  5981 | D:5      | Reached XP level 8. HP: 39/39 MP: 17/17
  5999 | D:5      | Reached skill level 8 in Stealth
  6005 | D:5      | Found a glowing golden altar of the Shining One.
  6201 | D:5      | Found a sacrificial altar of Ru.
  6326 | D:6      | Found a broken altar of Ashenzari.
  7066 | D:6      | Reached skill level 5 in Short Blades
  7333 | D:7      | Found a shimmering altar of Xom.
  7345 | D:7      | Reached skill level 9 in Stealth
  7387 | D:7      | Found a burning altar of Makhleb.
  7487 | D:7      | Reached ** piety under Dithmenos
  7617 | D:7      | Reached XP level 9. HP: 37/42 MP: 6/20
  7840 | D:7      | Noticed an unseen horror
  7850 | D:7      | Killed an unseen horror
  7922 | D:7      | Found a snail-covered altar of Cheibriados.
  8034 | D:8      | Found a flagged portal.
  8045 | Bailey   | Entered a bailey
  8320 | Bailey   | Reached skill level 10 in Stealth
  8424 | Bailey   | Noticed an orc knight
  8480 | Bailey   | Killed an orc knight
  8634 | Bailey   | Reached *** piety under Dithmenos
  8707 | Bailey   | Acquired a +2 rapier of holy wrath
  8795 | D:8      | Reached skill level 1 in Evocations
  8795 | D:8      | Reached XP level 10. HP: 45/48 MP: 7/23
  8941 | D:8      | Reached skill level 11 in Stealth
  9500 | D:8      | Found a hazy altar of Hepliaklqana.
 10058 | D:9      | Found a basalt altar of Yredelemnul.
 10383 | D:9      | Noticed Maurice
 10384 | D:9      | Found a staircase to the Lair.
 10414 | D:9      | Killed Maurice
 10415 | D:9      | Reached skill level 12 in Stealth
 10757 | D:9      | Found an iron altar of Okawaru.
 10779 | D:9      | Reached skill level 10 in Dodging
 10795 | D:9      | Reached XP level 11. HP: 42/51 MP: 25/25
 10864 | D:9      | Reached **** piety under Dithmenos
 10873 | D:9      | Reached skill level 5 in Evocations
 11039 | D:9      | Found an ornate altar of the Wu Jian Council.
 11551 | D:10     | Entered Level 10 of the Dungeon
 11560 | D:10     | Found a bloodstained altar of Trog.
 11767 | D:10     | Found a staircase to the Orcish Mines.
 11912 | D:10     | Found a sparkling altar of Nemelex Xobeh.
 11912 | D:10     | Found a hide-covered altar of Uskayaw.
 11913 | D:10     | Noticed Urug
 11917 | D:10     | Found a stormy altar of Qazlal.
 12360 | D:10     | Reached skill level 10 in Hexes
 13233 | D:11     | Noticed a boulder beetle
 13240 | D:11     | Killed a boulder beetle
 13241 | D:11     | Reached skill level 13 in Stealth
 13241 | D:11     | Reached skill level 10 in Spellcasting
 13757 | D:9      | Killed Urug
 13901 | Lair:1   | Entered Level 1 of the Lair of Beasts
 13901 | Lair:1   | Noticed a death yak
 13901 | Lair:1   | Noticed a death yak
 13901 | Lair:1   | Noticed a death yak
 13901 | Lair:1   | Noticed a death yak
 13901 | Lair:1   | Noticed a death yak
 13903 | Lair:1   | Noticed a death yak
 14174 | D:9      | HP: 1/51 [death yak (21)]
 14179 | D:9      | Mangled by a death yak

Illustrated notes

Levels and vault maps discovered:
D:1:      dpeg_arrival_boxes_within_box, layout_loops_ring,
          grunt_decor_resistance, minmay_misc_feat_tower
D:2:      layout_basic, st_stairs_10, minmay_door_square, kennysheep_potato
D:3:      layout_rooms, palyth_temple_overflow_mages, st_stairs_4
D:4:      layout_basic, lemuel_doored_altar, lemuel_crystal_altar,
          nicolae_gozag_cash_rules_everything_around_me, minmay_lizard_king
D:5:      layout_loops_ring, nicolae_overflow_hidden_temple,
          nicolae_tso_carved_into_rock, kennysheep_mini_moat,
          minmay_temple_entry_statues_fountains, hellmonk_bongcloud_opening,
          uniq_edmund
D:6:      layout_basic, ashenzari_conservatory_becter
D:7:      layout_basic, mainiacjoe_overflow_small_starburst,
          lemuel_crystal_altar, lemuel_round_altar
D:8:      layout_rooms, nicolae_hepliaklqana_hippocampus, enter_bailey_3,
          kennysheep_generic_room_14
D:9:      layout_loops_corners, nicolae_overflow_crystal_walls,
          nicolae_wu_jian_wuxing_cycle, okawaru_gym_becter,
          minmay_lair_entry_grove, uniq_maurice
D:10:     layout_irregular_city, grunt_temple_overflow_open,
          mainiacjoe_overflow_cross_hatched, david_orc_2, uniq_urug
D:11:     layout_basic
Temple:   ebering_the_one_and_only
Lair:1:   layout_cave_pods, uniq_harold, uniq_gastronok, uniq_erica

Skill      XL: |  1  2  3  4  5  6  7  8  9 10 11 |
---------------+----------------------------------+-----
Dodging        | 3 4 5 6 7 8 10 | 10.9
Spellcasting   | 3 4 5 6 8 9 10 | 10.2
Hexes          | 4 5 6 7 8 9 10 | 10.5
Stealth        | 5 6 7 9 10 12 13 | 13.3
Short Blades   | 2 3 4 5 7 8 9 |  9.1
Evocations     | 1 4 6 |  6.7

Action                   |  1- 3 |  4- 6 |  7- 9 | 10-12 || total
-------------------------+-------+-------+-------+-------++-------
Melee: Dagger            |   174 |   124 |   390 |   309 ||   997
       Punch             |       |       |     5 |     9 ||    14
       Rapier            |       |       |       |   195 ||   195
 Cast: Ensorcelled Hiber |     8 |    23 |    39 |    94 ||   164
       Tukima's Dance    |       |       |    16 |    10 ||    26
       Dazzling Flash    |       |       |       |     6 ||     6
       Confusing Touch   |       |       |       |     3 ||     3
  Use: Scroll            |     2 |    10 |     9 |     1 ||    22
       Potion            |     2 |     5 |     2 |     2 ||    11
 Stab: Sleeping          |    17 |    15 |    38 |    53 ||   123
       Invisible         |       |     1 |       |       ||     1
       Distracted        |       |       |     2 |       ||     2
       Confused          |       |       |       |     1 ||     1
Armor: Robe              |    23 |    16 |    44 |    51 ||   134
Dodge: Dodged            |   136 |   108 |   454 |   618 ||  1316
